 Dungeon Crawl Stone Soup version 0.28.0-47-ge53b351184 (webtiles) character file.

Game seed: 5452980173733575715

3874 Kaptain the Geomancer (level 10, 0/61 HPs)
             Began as a Gargoyle Earth Elementalist on May 4, 2022.
             Slain by a boulder beetle (11 damage)
             ... on level 9 of the Dungeon.
             The game lasted 00:15:29 (9852 turns).

Kaptain the Geomancer (Gargoyle Earth Elementalist) Turns: 9852, Time: 00:15:30

Health: 0/61       AC: 14    Str: 13    XL:     10   Next: 19%
Magic:  7/18       EV: 10    Int: 25    God:
Gold:   397        SH:  8    Dex: 14    Spells: 16/20 levels left

rFire   . . .      SeeInvis .   j - +7 flail "Sujeg" {vorpal, Dex+4}
rCold   . . .      Faith    .   w - +0 kite shield of the Ageless Planets {+Inv Slay+3}
rNeg    + . .      Spirit   .   e - +0 leather armour
rPois   ∞          Reflect  .   B - +1 helmet
rElec   +          Harm     .   (no cloak)
rCorr   .          Rampage  .   a - +0 pair of gloves
Will    .....                   (no boots)
Stlth   +++.......              D - amulet of magic regeneration
HPRegen 0.20/turn               E - +6 ring of intelligence
MPRegen 0.56/turn               v - +4 ring of slaying

@: flying
A: sickness immunity, AC +7, negative energy resistance 1, electricity
resistance, torment resistance 1, petrification resistance
a: Evoke Invisibility


You were on level 9 of the Dungeon.
You visited 2 branches of the dungeon, and saw 10 of its levels.

You collected 397 gold pieces.

Inventory:

Hand Weapons
 j - the +7 flail "Sujeg" (weapon) {vorpal, Dex+4}
   (You found it on level 4 of the Dungeon)

   It inflicts extra damage upon your enemies.
   Dex:       It affects your dexterity (+4).
 l - a +1 hunting sling
 p - a +1 falchion of holy wrath
Missiles
 c - 58 stones
 i - a throwing net
 u - 17 sling bullets
Armour
 a - a +0 pair of gloves (worn)
 e - a +0 leather armour (worn)
 w - the +0 kite shield of the Ageless Planets (worn) {+Inv Slay+3}
   (You found it on level 6 of the Dungeon)

   Slay:      It affects your accuracy & damage with ranged weapons and melee
   (+3).
   +Inv:      It lets you turn invisible.
 B - a +1 helmet (worn)
Magical Staves
 C - a staff of fire
Jewellery
 m - a ring of protection from fire
 v - a +4 ring of slaying (right hand)
 x - a ring of positive energy
 D - an amulet of magic regeneration (around neck)
 E - a +6 ring of intelligence (left hand)
Wands
 b - a wand of charming (9)
 d - a wand of acid (6)
 r - a wand of mindburst (29)
 s - a wand of digging (5)
 y - a wand of polymorph (10)
Scrolls
 f - 2 scrolls of enchant armour
 g - a scroll of silence
 h - a scroll of blinking
 o - 5 scrolls of teleportation
 q - a scroll of holy word
Potions
 n - a potion of attraction
 t - 2 potions of mutation {unknown}
 z - a potion of brilliance {unknown}
 A - 2 potions of curing {unknown}


   Skills:
 * Level 6.5 Fighting
 + Level 4.7 Armour
 - Level 3.1 Dodging
 - Level 5.0 Stealth
 + Level 2.8 Shields
 * Level 5.9 Spellcasting
 * Level 6.7 Conjurations
 - Level 0.7 Transmutations
 * Level 8.2 Earth Magic


You had 16 spell levels left.
You knew the following spells:

 Your Spells              Type           Power      Damage    Failure   Level
a - Sandblast             Erth           96%        2d20      1%          1
b - Stone Arrow           Conj/Erth      88%        3d12      4%          3

Your spell library contained the following spells:

 Spells                   Type           Power      Damage    Failure   Level
 Passwall                 Tmut/Erth      24%        N/A       7%          2
 Ensorcelled Hibernation  Hex/Ice        14%        N/A       41%         2
 Petrify                  Tmut/Erth      29%        N/A       43%         4
 Spider Form              Tmut/Pois      9%         N/A       58%         3
 Swiftness                Air            7%         N/A       65%         3
 Anguish                  Hex/Necr       3%         N/A       96%         4


Dungeon Overview and Level Annotations

Branches:
Dungeon (9/15)             Temple (1/1) D:5            Lair (0/6) D:8
    Orc: D:9-12

Altars:
Ashenzari
Cheibriados
Dithmenos
Elyvilon
Fedhas
Gozag
Hepliaklqana
Kikubaaqudgha
Makhleb
Nemelex Xobeh
Okawaru
Ru
Sif Muna
Trog
Uskayaw
Vehumet
Wu Jian
Xom
Yredelemnul
Zin
The Shining One

Annotations:
D:7 3 runed translucent doors, crawlogic's ghost, novice HOBe; maxonian's ghost, novice TrAM


Innate Abilities, Weirdness & Mutations

You are immune to sickness and miasma.
Your stone body is resilient. (AC +7)
You are immune to poison.
You resist negative energy. (rN+)
You are resistant to electric shocks. (rElec)
You are resistant to unholy torment.
You are immune to petrification.


Message History

The boulder beetle is heavily wounded.
Unknown command.
Casting: Stone Arrow (dangerous; 4% risk of failure)
Confirm with . or Enter, or press ? or * to list all spells.
Aiming: Stone Arrow (dangerous; 4% risk of failure)
Press: ? - help, Shift-Dir - straight line, f/p - boulder beetle
Aim: a boulder beetle (heavily wounded, rolling, 100% to hit)
The stone arrow hits the boulder beetle!
The boulder beetle is severely wounded.
Unknown command.
Casting: Stone Arrow (dangerous; 4% risk of failure)
Confirm with . or Enter, or press ? or * to list all spells.
Aiming: Stone Arrow (dangerous; 4% risk of failure)
Press: ? - help, Shift-Dir - straight line, f/p - boulder beetle
Aim: a boulder beetle (heavily wounded, rolling, 100% to hit)
The stone arrow hits the boulder beetle.
The boulder beetle is severely wounded.
The boulder beetle hits you!!!
Ouch! That really hurt!
* * * LOW HITPOINT WARNING * * *
The boulder beetle stops rolling and uncurls.
Unknown command.
It was a potion of flight.
You feel very buoyant.
You fly up into the air.
The boulder beetle bites you but does no damage.
Okay, then.
You hit the boulder beetle but do no damage.
The boulder beetle is severely wounded.
You block the boulder beetle's attack. The boulder beetle bites you.
* * * LOW HITPOINT WARNING * * *
Casting: Stone Arrow (dangerous; 4% risk of failure)
Confirm with . or Enter, or press ? or * to list all spells.
Aiming: Stone Arrow (dangerous; 4% risk of failure)
Press: ? - help, Shift-Dir - straight line, f/p - boulder beetle
Aim: a boulder beetle (severely wounded, 100% to hit)
The stone arrow hits the boulder beetle!
The boulder beetle is almost dead.
The boulder beetle bites you!
You die...

############
#..........###+#####
#..........##.......
#..........##.......
#.......)..#........
###@...))...........
......B........##.......
.†.!....#####.###.......
........# ...# #.......
######### .#### ######'#
#. #.. # ########
#####.......
+...........


You could see a boulder beetle.

Vanquished Creatures
  A manticore (D:8)
  A komodo dragon (D:6)
  A hornet (D:8)
  3 wargs (D:8)
  2 water moccasins
  Duvessa (D:7)
  An orc warrior (D:7)
  A necrophage (D:4)
  4 ogres
  A centaur (D:6)
  A phantom (D:6)
  2 kobold brigands (D:8)
  A scorpion (D:6)
  A bullfrog (D:6)
  A water moccasin skeleton (D:4)
  Dowan (D:7)
  9 wights
  A centaur zombie (D:8)
  A bullfrog zombie (D:6)
  3 centaur skeletons
  2 jellies (D:6)
  A hound (D:6)
  9 orc priests
  4 bullfrog skeletons
  2 iguanas
  5 orc wizards
  A howler monkey skeleton (D:6)
  7 adders
  A shadow imp (D:5)
  An adder zombie (D:5)
  An adder skeleton (D:4)
  2 worms (D:4)
  3 dart slugs
  22 orcs
  4 ball pythons
  6 endoplasms
  6 giant cockroaches
  3 goblins
  8 hobgoblins
  8 jackals
  17 kobolds
  5 quokkas
  3 bats
  2 frilled lizards
  A quokka skeleton (D:4)
  4 rats
165 creatures vanquished.

Vanquished Creatures (others)
  2 plants (D:8)
  2 withered plants (D:7)
4 creatures vanquished.

Grand Total: 169 creatures vanquished

Notes
Turn   | Place    | Note
-------+----------+-------------------------------------------
     0 | D:1      | Kaptain the Gargoyle Earth Elementalist began the quest for
                  | the Orb.
     0 | D:1      | Reached XP level 1. HP: 10/10 MP: 3/3
   172 | D:1      | Reached XP level 2. HP: 14/16 MP: 5/5
   777 | D:1      | Reached skill level 1 in Conjurations
   777 | D:1      | Reached XP level 3. HP: 20/20 MP: 1/6
   781 | D:1      | Learned a level 3 spell: Stone Arrow
  1015 | D:2      | Noticed an ogre
  1027 | D:2      | Killed an ogre
  1028 | D:2      | Reached skill level 1 in Fighting
  1028 | D:2      | Reached skill level 1 in Armour
  1028 | D:2      | Reached skill level 4 in Earth Magic
  1028 | D:2      | Reached XP level 4. HP: 26/26 MP: 0/7
  1524 | D:2      | Reached XP level 5. HP: 30/30 MP: 6/8
  1933 | D:2      | Found a basalt altar of Yredelemnul.
  2354 | D:3      | Found a faded altar of an unknown god.
  3123 | D:4      | Reached XP level 6. HP: 35/35 MP: 1/10
  3673 | D:4      | Identified the +7 flail "Sujeg" {vorpal, Dex+4}
  3722 | D:4      | Noticed a necrophage
  3728 | D:4      | Killed a necrophage
  3729 | D:4      | Reached XP level 7. HP: 40/40 MP: 0/11
  4028 | D:4      | Reached skill level 5 in Earth Magic
  4184 | D:5      | Entered Level 5 of the Dungeon
  4531 | D:5      | Found a staircase to the Ecumenical Temple.
  4549 | Temple   | Entered the Ecumenical Temple
  5463 | D:6      | Reached XP level 8. HP: 7/48 MP: 0/13
  6026 | D:6      | Reached skill level 6 in Earth Magic
  6380 | D:6      | Noticed a komodo dragon
  6638 | D:6      | Killed a komodo dragon
  6639 | D:6      | Reached skill level 5 in Conjurations
  6639 | D:6      | Reached XP level 9. HP: 18/53 MP: 0/15
  6888 | D:6      | Identified the +0 kite shield of the Ageless Planets {+Inv
                  | Slay+3}
  7020 | D:7      | Found a runed translucent gate.
  7077 | D:7      | Reached skill level 5 in Fighting
  7213 | D:7      | Noticed Duvessa
  7218 | D:7      | Noticed Dowan
  7221 | D:7      | Killed Duvessa
  7225 | D:7      | Killed Dowan
  7364 | D:7      | Reached skill level 1 in Shields
  7364 | D:7      | Reached skill level 7 in Earth Magic
  7760 | D:7      | Reached skill level 5 in Spellcasting
  7760 | D:7      | Found a snail-covered altar of Cheibriados.
  7781 | D:7      | Found a sparkling altar of Nemelex Xobeh.
  7781 | D:7      | Found a glowing golden altar of the Shining One.
  7794 | D:7      | Found a shadowy altar of Dithmenos.
  7797 | D:7      | Found an opulent altar of Gozag.
  7894 | D:7      | Found a runed translucent gate.
  7894 | D:7      | Found a runed translucent gate.
  7974 | D:7      | Noticed maxonian's ghost (novice TrAM)
  7974 | D:7      | Noticed crawlogic's ghost (novice HOBe)
  8093 | D:8      | Reached skill level 5 in Stealth
  8195 | D:8      | Found a broken altar of Ashenzari.
  8510 | D:8      | Noticed a hornet
  8514 | D:8      | Killed a hornet
  8659 | D:8      | Noticed a manticore
  8673 | D:8      | Killed a manticore
  8926 | D:8      | Found a white marble altar of Elyvilon.
  8962 | D:8      | Found a staircase to the Lair.
  8976 | D:8      | Reached XP level 10. HP: 60/60 MP: 2/18
  9041 | D:8      | Reached skill level 8 in Earth Magic
  9504 | D:8      | Found an ornate altar of the Wu Jian Council.
  9578 | D:8      | Found a sacrificial altar of Ru.
  9845 | D:9      | Noticed a boulder beetle
  9852 | D:9      | Slain by a boulder beetle

Illustrated notes

Levels and vault maps discovered:
D:1:      lemuel_arrival_rhombus, layout_basic, minmay_misc_feat_encased,
          grunt_decor_cap
D:2:      layout_basic, basic_altar
D:3:      layout_loops_ring, shapermc_ecumenical_altar_gd, grunt_decor_fettered,
          hangedman_decor_points
D:4:      minmay_wonky_spiral, layout_gridville, chequers_serial_rivers_small_3,
          minmay_misc_feat_iff, st_stairs_1
D:5:      layout_basic, minmay_temple_entry_mist, hangedman_decor_slide_cut
D:6:      minmay_clustersquares, layout_basic, kennysheep_generic_room_15
D:7:      layout_gridville, minmay_overflow_temple_star_hex,
          gammafunk_ghost_cemetery, uniq_duvessa
D:8:      layout_rooms, mainiacjoe_overflow_brackets, nzn_wu_jian_council_hall,
          mainiacjoe_overflow_24_doors, elyvilon_altar_1,
          erik_lair_orcish_takeover, solitary_fountain, minmay_fountain_box
D:9:      layout_roguey, amcnicky_altar_gilded, nzn_sisyphean_effort
Temple:   minmay_temple_bridge_abc

Skill      XL: |  1  2  3  4  5  6  7  8  9 10 |
---------------+-------------------------------+-----
Conjurations   | 1 2 3 5 6 |  6.7
Fighting       | 1 2 3 4 6 |  6.5
Armour         | 1 2 3 4 |  4.7
Dodging        | 2 3 |  3.1
Earth Magic    | 4 5 6 7 8 |  8.2
Stealth        | 3 4 5 |  5.0
Spellcasting   | 3 4 5 |  5.9
Shields        | 2 |  2.8
Transmutations | |  0.7

Action                   |  1- 3 |  4- 6 |  7- 9 | 10-12 || total
-------------------------+-------+-------+-------+-------++-------
Melee: Dagger            |    27 |       |       |       ||    27
       Short sword       |       |    12 |       |       ||    12
       Flail             |       |       |    56 |    11 ||    67
 Fire: Hunting sling     |       |    78 |    46 |       ||   124
 Cast: Sandblast         |    19 |    56 |    27 |     1 ||   103
       Stone Arrow       |     2 |     4 |    66 |    19 ||    91
  Use: Scroll            |       |       |    10 |       ||    10
       Potion            |       |       |     2 |     1 ||     3
 Stab: Sleeping          |     4 |       |       |       ||     4
       Distracted        |       |     1 |       |       ||     1
Armor: Leather armour    |    16 |    23 |    31 |     3 ||    73
       Skin              |       |       |     1 |       ||     1
Dodge: Dodged            |    20 |    27 |    42 |     5 ||    94
Block: Kite shield       |       |       |    26 |     7 ||    33
